Workbook

Sheet Avoir
B2: =Paramètres!$C$6 | D2: FACTURE D'AVOIR
B3: =Paramètres!$C$7 | D3: N° d'avoir | G3: =Paramètres!$C$19&"003"
B4: =Paramètres!$C$8 | D4: Date d'émission | G4: 46307
B5: =Paramètres!$C$9 | D5: Facture d'origine n° | G5: FA-2026-001
B6: =Paramètres!$C$10 | D6: Facture d'origine du | G6: 46295
B7: ="SIRET "&Paramètres!$C$11&" · TVA "&Paramètres!$C$12
B9: CLIENT | D9: MOTIF DE L'AVOIR
B10: Boulangerie Dupont & Fils (SAS) | D10: Prestation non réalisée en totalité
B11: À l'attention de Mme Claire Dupont | D11: Une page de contenu non livrée ; un guide retourné abîmé.
B12: 8 place du Marché | D12: RÈGLEMENT DE L'AVOIR
B13: 69002 Lyon | D13: Déduit du solde restant dû sur la facture
B14: SIREN 987 654 321 · TVA FR45 987654321
B15: Désignation (reprise de la facture d'origine) | C15: Qté | E15: Prix unitaire HT | F15: TVA | G15: Montant HT
B16: Rédaction des contenus : page non livrée | C16: 1 | E16: 120 | F16: 0.2 | G16: =IF(C16="",0,C16*E16*IF(Paramètres!$C$20="Montants négatifs",-1,1))
B17: Guide imprimé « Bien gérer son site » : exemplaire retourné | C17: 1 | E17: 18 | F17: 0.055 | G17: =IF(C17="",0,C17*E17*IF(Paramètres!$C$20="Montants négatifs",-1,1))
G18: =IF(C18="",0,C18*E18*IF(Paramètres!$C$20="Montants négatifs",-1,1))
G19: =IF(C19="",0,C19*E19*IF(Paramètres!$C$20="Montants négatifs",-1,1))
G20: =IF(C20="",0,C20*E20*IF(Paramètres!$C$20="Montants négatifs",-1,1))
G21: =IF(C21="",0,C21*E21*IF(Paramètres!$C$20="Montants négatifs",-1,1))
G22: =IF(C22="",0,C22*E22*IF(Paramètres!$C$20="Montants négatifs",-1,1))
G23: =IF(C23="",0,C23*E23*IF(Paramètres!$C$20="Montants négatifs",-1,1))
B25: Taux de TVA | C25: Base HT | E25: TVA
B26: =Paramètres!$B$24 | C26: =SUMIF($F$16:$F$23,B26,$G$16:$G$23) | E26: =ROUND(C26*B26,2)
B27: =Paramètres!$B$25 | C27: =SUMIF($F$16:$F$23,B27,$G$16:$G$23) | E27: =ROUND(C27*B27,2)
B28: =Paramètres!$B$26 | C28: =SUMIF($F$16:$F$23,B28,$G$16:$G$23) | E28: =ROUND(C28*B28,2)
B29: =Paramètres!$B$27 | C29: =SUMIF($F$16:$F$23,B29,$G$16:$G$23) | E29: =ROUND(C29*B29,2)
B31: INCIDENCE SUR LA FACTURE D'ORIGINE | E31: Total HT de l'avoir | G31: =SUM(G16:G23)
B32: Montant TTC de la facture d'origine | C32: 3997.98 | E32: TVA à régulariser | G32: =SUM(E26:E29)
B33: Montant de cet avoir (TTC) | C33: =-ABS(G33) | E33: TOTAL TTC DE L'AVOIR | G33: =G31+G32
B34: Nouveau montant TTC de l'opération | C34: =C32+C33
B36: MENTIONS
B37: ="Avoir se rapportant à la facture n° "&G5&", dont il réduit le montant du total indiqué ci-dessus."
B38: Client assujetti à la TVA : la TVA à régulariser vient en diminution de votre TVA déductible.
B39: ="Règlement de l'avoir : "&D13&"."
B41: ="IBAN "&Paramètres!$C$15&" · BIC "&Paramètres!$C$16
B43: =Paramètres!$C$6&" · "&Paramètres!$C$13&" · "&Paramètres!$C$14&" · SIRET "&Paramètres!$C$11&" · TVA intracommunautaire "&Paramètres!$C$12

Sheet Paramètres
B2: Paramètres du modèle
B3: Remplissez cette feuille une fois : chaque avoir reprend automatiquement vos coordonnées et vos réglages.
B5: Votre entreprise
B6: Nom ou raison sociale | C6: Atelier Numérique
B7: Adresse | C7: 12 rue des Lilas
B8: Code postal et ville | C8: 69001 Lyon
B9: Téléphone | C9: 04 12 34 56 78
B10: E-mail | C10: contact@atelier-numerique.fr
B11: SIRET | C11: 123 456 789 00012
B12: N° de TVA intracommunautaire | C12: FR12 123456789
B13: Forme juridique et capital | C13: SARL au capital de 5 000 €
B14: Ville du RCS ou du RM | C14: RCS Lyon
B15: IBAN | C15: FR76 0000 0000 0000 0000 0000 000
B16: BIC | C16: XXXXFRPP
B18: Réglages
B19: Préfixe de numérotation des avoirs | C19: AV-2026-
B20: Présentation des montants | C20: Montants négatifs
B22: Listes (ne pas modifier, sauf pour ajouter)
B23: Taux de TVA | C23: Motifs de l'avoir
B24: 0.2 | C24: Prestation non réalisée en totalité
B25: 0.1 | C25: Retour de marchandises
B26: 0.055 | C26: Remise accordée après facturation
B27: 0.021 | C27: Erreur de facturation (prix, quantité, taux)
B28: 0 | C28: Annulation totale de la facture
C29: Geste commercial
B31: Présentation | C31: Mode de règlement de l'avoir
B32: Montants négatifs | C32: Déduit du solde restant dû sur la facture
B33: Montants positifs | C33: Déduit de la prochaine facture
C34: Remboursé par virement

Sheet Mode d'emploi
B2: Mode d'emploi du modèle de facture d'avoir
B4: 1. Vos coordonnées et vos réglages
B5: Dans « Paramètres », renseignez votre entreprise, le préfixe de vos avoirs et la présentation des montants : en négatif (le plus courant, l'avoir se lit comme une facture inversée) ou en positif (le titre « Facture d'avoir » suffit alors à indiquer le sens).
B7: 2. La facture d'origine
B8: Indiquez toujours le numéro et la date de la facture corrigée, dans les cases vertes en haut à droite. Sans cette référence, le document n'est pas un avoir valable.
B10: 3. Le motif et le règlement
B11: Choisissez le motif dans la liste (prestation non réalisée, retour, remise, erreur, annulation, geste commercial) et précisez-le en une phrase. Choisissez ensuite comment l'avoir se règle : déduit du solde, déduit de la prochaine facture, ou remboursé.
B13: 4. Les lignes
B14: Reprenez les lignes concernées de la facture d'origine, avec la quantité et le prix à créditer, et le même taux de TVA que sur la facture. Saisissez toujours des montants positifs : le signe s'applique seul selon le réglage.
B16: 5. La numérotation
B17: Un avoir porte son propre numéro, unique, dans une suite chronologique et continue. Vous pouvez utiliser la série de vos factures ou une série dédiée (AV-2026-001, 002…), à condition qu'elle reste continue.
B19: 6. Annuler et remplacer
... B23: Ce modèle est proposé gratuitement par Digitiz : https://digitiz.fr/modeles/facture-avoir/ . Pour la nouvelle facture : https://digitiz.fr/modeles/facture/
